 Dungeon Crawl Stone Soup version 0.24-a0-521-g122614bf49 (webtiles) character file.

Game seed: 3008202283676473066

56898 vurker the Brawler (level 14, -6/143 HPs)
             Began as a Troll Hunter on July 28, 2019.
             Mangled by a six-headed hydra (15 damage)
             ... on level 6 of the Lair of Beasts.
             The game lasted 00:36:59 (17044 turns).

vurker the Brawler (Troll Hunter)                  Turns: 17044, Time: 00:36:59

Health: -6/143     AC: 10    Str: 32    XL:     14   Next: 43%
Magic:  13/13      EV:  8    Int: 11    God:
Gold:   612        SH: 20    Dex: 12    Spells: 13/13 levels left

rFire    . . .     SeeInvis +     - Unarmed
rCold    + + +     Gourm    +   k - +1 large shield
rNeg     + + .     Faith    .   q - +1 robe of Satisfaction {*Drain rC+++ rN+ SInv}
rPois    +         Spirit   .   H - +0 mask of the Dragon {MR+ Slay+3 SInv}
rElec    .         Reflect  .   F - +2 cloak
rCorr    .         Harm     .   (gloves unavailable)
MR       ++...                  (boots unavailable)
Stlth    +.........             n - amulet of Reimbursement {Gourm Int+4 Dex+2}
HPRegen  0.73/turn              G - ring of positive energy
MPRegen  0.13/turn              o - ring of poison resistance

@: mighty
A: large, unfitting armour, claws 3, fast metabolism 3, gourmand, regeneration
1, shaggy fur 1, tough skin 3
a: no special abilities


You were on level 6 of the Lair of Beasts.
You were very full.

You visited 3 branches of the dungeon, and saw 20 of its levels.

You collected 1179 gold pieces.
You spent 567 gold pieces at shops.

Inventory:

Missiles
 l - 8 boomerangs
 w - 7 javelins
 B - 5 throwing nets
 N - 4 large rocks (quivered)
Armour
 b - a +0 cloak of poison resistance
   (You acquired it on level 4 of the Lair of Beasts)
 k - a +1 large shield (worn)
   (You found it on level 1 of the Dungeon)
 q - the +1 robe of Satisfaction (worn) {*Drain rC+++ rN+ SInv}
   (You found it on level 4 of the Dungeon)

   It renders you almost immune to cold.
   It protects you from negative energy.
   It lets you see invisible.
   It causes draining when unequipped.
 x - a +0 troll leather armour
   (You found it on level 10 of the Dungeon)
 C - +0 ice dragon scales
   (You found it on level 11 of the Dungeon)
 F - a +2 cloak (worn)
   (You found it on level 9 of the Dungeon)
 H - the +0 mask of the Dragon (worn) {MR+ Slay+3 SInv}
   (You bought it in a shop on level 11 of the Dungeon)

   It affects your accuracy and damage with ranged weapons and melee attacks
   (+3).
   It affects your resistance to hostile enchantments.
   It lets you see invisible.
 I - +0 fire dragon scales
   (You found it on level 11 of the Dungeon)
Jewellery
 n - the amulet of Reimbursement (around neck) {Gourm Int+4 Dex+2}
   (You found it on level 8 of the Dungeon)

   [amulet of the gourmand]

   It allows you to eat raw meat even when not hungry.
   It affects your intelligence (+4).
   It affects your dexterity (+2).
 o - a ring of poison resistance (right claw)
   (You found it on level 8 of the Dungeon)
 G - a ring of positive energy (left claw)
   (You found it on level 3 of the Lair of Beasts)
Wands
 c - a wand of disintegration (18)
   (You found it on level 5 of the Lair of Beasts)
 d - a wand of iceblast (22)
   (You found it on level 9 of the Dungeon)
 t - a wand of flame (66)
   (You found it on level 5 of the Dungeon)
 u - a wand of paralysis (2)
   (You took it off Nessos on level 13 of the Dungeon)
 M - a wand of clouds (6)
   (You found it on level 3 of the Lair of Beasts)
Scrolls
 f - 3 scrolls of enchant armour
 g - 12 scrolls of teleportation
 i - 3 scrolls of fog
 p - 7 scrolls of remove curse
 v - 3 scrolls of fear
 z - 2 scrolls of magic mapping
 J - 2 scrolls of enchant weapon
 L - 3 scrolls of identify
 O - a scroll of summoning
Potions
 a - 2 potions of might
 h - 5 potions of lignification
 j - a potion of flight
 r - 2 potions of curing
 s - a potion of invisibility
 y - 2 potions of haste
 A - 2 potions of agility
 D - a potion of ambrosia
 E - a potion of mutation
 K - a potion of berserk rage
Comestibles
 e - 39 rations
 m - a chunk of flesh


   Skills:
 + Level 10.1 Fighting
 + Level 11.2 Throwing
 - Level 1.5 Dodging
 - Level 0.3 Stealth
 + Level 9.8 Shields
 * Level 15.6 Unarmed Combat


You had 13 spell levels left.
You didn't know any spells.
Your spell library contained the following spells:

 Spells                   Type           Power        Failure   Level  Hunger
 Flame Tongue             Conj/Fire      #....        71%         1    ##.....
 Freeze                   Ice            #...         71%         1    ##.....
 Magic Dart               Conj           #...         71%         1    ##.....
 Summon Small Mammal      Summ           #...         71%         1    ##.....
 Call Imp                 Summ           #.......     85%         2    ###....
 Searing Ray              Conj           #.....       85%         2    ###....
 Throw Flame              Conj/Fire      #.....       85%         2    ###....
 Throw Frost              Conj/Ice       #.....       85%         2    ###....
 Call Canine Familiar     Summ           #.......     97%         3    ####...
 Conjure Flame            Conj/Fire      #.......     97%         3    ####...
 Dazzling Spray           Conj/Hex       #.....       97%         3    ####...
 Inner Flame              Hex/Fire       #.......     97%         3    ####...
 Ozocubu's Armour         Chrm/Ice       #.......     97%         3    ####...
 Summon Guardian Golem    Hex/Summ       #.......     97%         3    ####...
 Cause Fear               Hex            #.........   100%        4    #####..
 Force Lance              Conj/Tloc      #.......     100%        4    #####..
 Fulminant Prism          Conj/Hex       #.........   100%        4    #####..
 Iskenderun's Mystic Bla  Conj           #.......     100%        4    #####..
 Sticky Flame             Conj/Fire      #.......     100%        4    #####..
 Summon Ice Beast         Ice/Summ       #.......     100%        4    #####..
 Summon Lightning Spire   Summ/Air       #.......     100%        4    #####..
 Throw Icicle             Conj/Ice       #.......     100%        4    #####..
 Fireball                 Conj/Fire      #.........   100%        5    ######.
 Silence                  Hex/Air        #.........   100%        5    ######.
 Yara's Violent Unravell  Hex/Tmut       #.........   100%        5    ######.
 Conjure Ball Lightning   Conj/Air       #.........   100%        6    #######
 Deflect Missiles         Chrm/Air       #.........   100%        6    #######
 Discord                  Hex            #.........   100%        8    #######
 Tornado                  Air            #.........   100%        9    #######


Dungeon Overview and Level Annotations

Branches:
Dungeon (13/15)            Temple (1/1) D:5            Lair (6/6) D:11
 Shoals (0/4) Lair:3        Snake (0/4) Lair:4        Slime (0/5) Lair:5
    Orc (0/2) D:10         Vaults (0/5) D:13

Altars:
Ashenzari
Cheibriados
Dithmenos
Elyvilon
Fedhas
Gozag
Hepliaklqana
Kikubaaqudgha
Makhleb
Nemelex Xobeh
Okawaru
Qazlal
Ru
Sif Muna
Trog
Uskayaw
Vehumet
Wu Jian
Xom
Yredelemnul
Zin
The Shining One

Shops:
D:9 *   D:11 [:

Portals:
Trove: D:11 (give 7 potions of haste)

Annotations:
D:5 2 runed translucent doors
D:9 Prince Ribbit
Lair:2 1 runed translucent door, vurker's ghost, journeyman KoHu
Lair:3 1 runed translucent door, Omunach's ghost, journeyman OpVM


Innate Abilities, Weirdness & Mutations

You are too large for most types of armour.
You have claws for hands.
Your metabolism is lightning-fast.
You like to eat raw meat.
Your natural rate of healing is unusually fast.
You are covered in fur. (AC +1)
You have extremely tough skin. (AC +3)


Message History

You hear a roar!
Things that are here:
a polar bear corpse; a wind drake corpse You see here an elephant corpse.
You butcher the elephant corpse.
Things that are here:
a chunk of flesh; an elephant skeleton
m - a chunk of flesh You claw the crocodile!
You block the crocodile's attack.
You mangle the crocodile!!
You kill the crocodile!
A six-headed hydra comes into view.
The six-headed hydra roars!
Things that are here:
a crocodile corpse; a polar bear corpse; a wind drake corpse You butcher the crocodile corpse.
Items here: % ÷ †† 4 chunks of flesh; a crocodile skeleton; a polar bear corpse a wind drake corpse Throwing (i - inventory. (/) - cycle)
N - 7 large rocks (quivered)
Aim: a six-headed hydra You throw a large rock.
The large rock hits the six-headed hydra.
Throwing (i - inventory. (/) - cycle)
N - 6 large rocks (quivered)
Aim: a six-headed hydra (lightly wounded)
You throw a large rock.
The large rock hits the six-headed hydra!
Throwing (i - inventory. (/) - cycle)
N - 5 large rocks (quivered)
Aim: a six-headed hydra (lightly wounded)
You throw a large rock.
The large rock hits the six-headed hydra!
A polar bear comes into view.
You block the six-headed hydra's attack. x2
The six-headed hydra bites you but does no damage.
You block the six-headed hydra's attack.
The six-headed hydra closely misses you.
The six-headed hydra bites you!
* * * LOW HITPOINT WARNING * * *
Throwing (i - inventory. (/) - cycle)
N - 4 large rocks (quivered)
Aim: a six-headed hydra (moderately wounded)
Okay, then.
Aim: a six-headed hydra (moderately wounded)
You create a blast of noxious fumes!
The polar bear growls angrily.
The six-headed hydra bites you.
* * * LOW HITPOINT WARNING * * *
The six-headed hydra bites you!
* * * LOW HITPOINT WARNING * * *
The six-headed hydra bites you!
You die...

≈≈....................)..#
##........................
.#........................
≈≈........#.#... .###.#...
≈≈≈.......###### #......
##........## ##.....
##≈..§....†## #......
≈≈≈..§§§..÷.# #.......
≈≈...§§§D@..# ..#......
##≈..§§§..### .#.....♣..
#.h(§....# .....♣.≈.
≈≈..........# ....≈ ≈.
≈≈≈.......##.P.
##≈.........


PP. #≈(......... .P ................ ............... You could see a six-headed
hydra and a polar bear.

Vanquished Creatures
  Kirke (Lair:4)
  Nessos (D:13)
  A fire dragon (D:11)
  Josephine (Lair:5)
  Harold (Lair:2)
  An ice dragon (D:11)
  4 vault guards (D:13)
  A centaur warrior (D:9)
  4 hydras
  Erica (Lair:1)
  3 two-headed ogres
  2 tengu warriors (D:13)
  Sonja (Lair:2)
  A wizard (D:13)
  An unseen horror (D:10)
  A lindwurm (Lair:5)
  An orc knight (D:11)
  3 ugly things
  A cyclops (D:9)
  2 oklob plants
  A salamander (shapeshifter) (D:9)
  A manticore (D:13)
  11 elephants
  3 black mambas
  2 gargoyles (D:9)
  9 spiny frogs
  10 komodo dragons
  5 trolls
  2 polar bears (Lair:6)
  A wind drake (Lair:6)
  10 blink frogs
  8 hippogriffs
  A spriggan (D:8)
  3 wraiths (Lair:5)
  22 yaks
  A hog (shapeshifter) (D:13)
  3 basilisks
  6 wyverns
  8 humans (D:13)
  3 hogs (Lair:4)
  2 hungry ghosts (D:11)
  Menkaure (D:6)
  3 nagas (Lair:4)
  Duvessa (D:6)
  13 water moccasins
  A porcupine (Lair:2)
  4 sky beasts
  2 ice beasts
  2 orc warriors
  A black bear (D:11)
  2 phantoms
  13 ogres
  18 wolves
  7 centaurs
  3 crocodiles
  3 big kobolds
  8 bullfrogs
  A gnoll sergeant (D:10)
  Dowan (D:6)
  4 scorpions
  21 killer bees
  A wight (D:9)
  7 howler monkeys
  3 bullfrog zombies
  9 crimson imps
  8 hounds
  4 jellies
  A quasit (D:11)
  A bullfrog skeleton (D:8)
  A centaur skeleton (D:11)
  15 orc wizards
  8 iguanas
  7 orc priests
  15 worker ants
  A worker ant zombie (D:9)
  10 gnolls
  2 howler monkey skeletons
  10 adders
  3 shadow imps
  2 oozes (D:3)
  2 adder skeletons
  A worm (D:3)
  3 dart slugs
  4 leopard geckos
  32 orcs
  5 bats
  6 giant cockroaches
  4 goblins
  4 hobgoblins
  10 jackals
  4 quokkas
  A ball python (D:6)
  5 frilled lizards
  A jackal zombie (D:9)
  14 kobolds
  A leopard gecko skeleton (D:9)
  A quokka skeleton (D:7)
  2 quokka zombies
  7 rats
468 creatures vanquished.

Vanquished Creatures (others)
  A bush (Lair:2)
  3 fungi (Lair:6)
  11 plants
15 creatures vanquished.

Grand Total: 483 creatures vanquished

Notes
Turn   | Place    | Note
-------+----------+-------------------------------------------
     0 | D:1      | vurker the Troll Hunter began the quest for the Orb.
     0 | D:1      | Reached XP level 1. HP: 19/19 MP: 0/0
   140 | D:1      | Reached skill level 1 in Unarmed Combat
   153 | D:1      | Reached XP level 2. HP: 28/28 MP: 1/1
   560 | D:2      | You fall into a shaft and drop 2 floors!
   623 | D:4      | Reached XP level 3. HP: 32/35 MP: 2/2
   697 | D:4      | Reached skill level 2 in Unarmed Combat
   699 | D:4      | Reached skill level 1 in Shields
   699 | D:4      | Reached XP level 4. HP: 10/42 MP: 3/3
   776 | D:4      | Got a dull robe
   787 | D:4      | Identified the +1 robe of Satisfaction {*Drain rC+++ rN+
                  | SInv} (You found it on level 4 of the Dungeon)
   884 | D:4      | Found a basalt altar of Yredelemnul.
   965 | D:4      | Reached skill level 3 in Unarmed Combat
   965 | D:4      | Reached XP level 5. HP: 35/50 MP: 4/4
  1550 | D:2      | Reached XP level 6. HP: 59/59 MP: 5/5
  1568 | D:2      | Found a glowing golden altar of the Shining One.
  1568 | D:2      | Found a faded altar of an unknown god.
  1573 | D:2      | Found a deep blue altar of Sif Muna.
  1575 | D:2      | Found a faded altar of an unknown god.
  1579 | D:2      | Found a sacrificial altar of Ru.
  1842 | D:2      | Reached skill level 4 in Unarmed Combat
  2031 | D:3      | Noticed a +0 hand axe
  2031 | D:3      | Noticed a +0 dagger
  2032 | D:3      | Found a hide-covered altar of Uskayaw.
  2070 | D:3      | HP: 1/59 [orc priest/divine providence (11)]
  3151 | D:4      | Reached XP level 7. HP: 58/67 MP: 6/6
  3328 | D:4      | Found an iron altar of Okawaru.
  3493 | D:5      | Entered Level 5 of the Dungeon
  3520 | D:5      | Found a stormy altar of Qazlal.
  3528 | D:5      | Found an ornate altar of the Wu Jian Council.
  3694 | D:5      | Found a runed translucent door.
  3701 | D:5      | Found a runed translucent door.
  3720 | D:5      | Reached skill level 5 in Unarmed Combat
  3897 | D:5      | Reached skill level 5 in Throwing
  4196 | D:5      | Found a staircase to the Ecumenical Temple.
  4340 | D:5      | Found a blossoming altar of Fedhas.
  4488 | Temple   | Entered the Ecumenical Temple
  4933 | D:6      | Reached XP level 8. HP: 78/78 MP: 7/7
  4958 | D:6      | Found a white marble altar of Elyvilon.
  4972 | D:6      | Noticed Duvessa
  4972 | D:6      | Noticed Dowan
  4977 | D:6      | Killed Duvessa
  4977 | D:6      | Reached skill level 6 in Unarmed Combat
  4983 | D:6      | Killed Dowan
  5019 | D:6      | Noticed Menkaure
  5021 | D:6      | Killed Menkaure
  5462 | D:7      | Reached skill level 7 in Unarmed Combat
  5618 | D:6      | Reached XP level 9. HP: 56/85 MP: 8/8
  5772 | D:6      | Reached skill level 5 in Fighting
  5772 | D:6      | Reached skill level 8 in Unarmed Combat
  6207 | D:6      | Reached skill level 10 in Unarmed Combat
  6207 | D:6      | Reached XP level 10. HP: 100/100 MP: 9/9
  6772 | D:8      | Got a transparent jade amulet
  6773 | D:8      | Identified the amulet of Reimbursement {Gourm Int+4 Dex+2}
                  | (You found it on level 8 of the Dungeon)
  6878 | D:8      | Found a deep blue altar of Sif Muna.
  7137 | D:8      | Reached skill level 11 in Unarmed Combat
  7338 | D:8      | Reached XP level 11. HP: 88/107 MP: 10/10
  7855 | D:9      | Noticed a centaur warrior
  7858 | D:9      | Noticed a brown ugly thing
  7858 | D:9      | Noticed a two-headed ogre
  7866 | D:9      | Killed a centaur warrior
  7869 | D:9      | Killed a brown ugly thing
  7882 | D:9      | Killed a two-headed ogre
  7992 | D:9      | Got a twisted battleaxe
  8277 | D:9      | Reached skill level 12 in Unarmed Combat
  8328 | D:9      | Found Raetowitwo's Assorted Antiques.
  8449 | D:9      | Noticed Prince Ribbit
  8469 | D:9      | Found a snail-covered altar of Cheibriados.
  8860 | D:10     | Entered Level 10 of the Dungeon
  9252 | D:10     | Found a staircase to the Orcish Mines.
  9309 | D:10     | Noticed a two-headed ogre
  9329 | D:10     | Killed a two-headed ogre
  9581 | D:10     | Noticed an unseen horror
  9586 | D:10     | Killed an unseen horror
  9586 | D:10     | Reached XP level 12. HP: 119/119 MP: 11/11
  9682 | D:10     | Noticed a two-headed ogre
  9690 | D:10     | Killed a two-headed ogre
  9863 | D:11     | Found a portal to a secret trove of treasure.
 10110 | D:11     | Found Unanaf's Book Emporium.
 10131 | D:11     | Found Ynarhu's Armour Shoppe.
 10134 | D:11     | Bought the +0 mask of the Dragon {MR+ Slay+3 SInv} for 567
                  | gold pieces
 10134 | D:11     | Found the +0 mask of the Dragon {MR+ Slay+3 SInv}
 10200 | D:11     | Found a staircase to the Lair.
 10262 | D:11     | Found a glowing silver altar of Zin.
 10267 | D:11     | Found a shadowy altar of Dithmenos.
 10403 | D:11     | Noticed a fire dragon
 10406 | D:11     | Noticed an ice dragon
 10486 | D:11     | Killed a fire dragon
 10486 | D:11     | Reached skill level 13 in Unarmed Combat
 10492 | D:11     | Killed an ice dragon
 11166 | D:11     | You fall into a shaft and drop 2 floors!
 11167 | D:13     | Noticed Nessos
 11172 | D:13     | Killed Nessos
 11324 | D:13     | Noticed a vault guard
 11324 | D:13     | Noticed a vault guard
 11329 | D:13     | Noticed a vault guard
 11333 | D:13     | Noticed a vault guard
 11337 | D:13     | Killed a vault guard
 11341 | D:13     | Killed a vault guard
 11357 | D:13     | Killed a vault guard
 11377 | D:13     | Killed a vault guard
 11377 | D:13     | Reached skill level 10 in Throwing
 11388 | D:13     | Reached XP level 13. HP: 57/128 MP: 12/12
 11508 | D:13     | Found a gate to the Vaults.
 11752 | Lair:1   | Entered Level 1 of the Lair of Beasts
 11766 | Lair:1   | Reached skill level 14 in Unarmed Combat
 11811 | Lair:1   | Identified a scroll of acquirement
 12236 | Lair:1   | Noticed Erica
 12242 | Lair:1   | Killed Erica
 12582 | Lair:2   | Noticed vurker's ghost (journeyman KoHu)
 12678 | Lair:2   | Found a runed translucent door.
 12691 | Lair:2   | Found a gate leading to a gauntlet.
 12691 | Lair:2   | Noticed Harold
 12704 | Lair:2   | Killed Harold
 12705 | Lair:2   | Noticed Sonja
 12713 | Lair:2   | Killed Sonja
 13404 | Lair:3   | Found a staircase to the Shoals.
 13928 | Lair:3   | Found a runed translucent door.
 13931 | Lair:3   | Noticed Omunach's ghost (journeyman OpVM)
 14761 | Lair:3   | Reached skill level 15 in Unarmed Combat
 14912 | Lair:4   | Noticed Kirke
 14930 | Lair:4   | Killed Kirke
 14930 | Lair:4   | Reached XP level 14. HP: 134/141 MP: 13/13
 14978 | Lair:4   | Found a staircase to the Snake Pit.
 15414 | Lair:5   | Found a burning altar of Makhleb.
 15932 | Lair:5   | Got an ichor-stained arbalest
 15933 | Lair:5   | Identified the cursed +1 arbalest of Disaster {freeze,
                  | Dex+5} (You found it on level 5 of the Lair of Beasts)
 15998 | Lair:5   | Found a staircase to the Slime Pits.
 16398 | Lair:5   | Noticed Josephine
 16400 | Lair:5   | Killed Josephine
 16559 | Lair:6   | Entered Level 6 of the Lair of Beasts
 16685 | Lair:6   | Reached skill level 10 in Fighting
 17044 | Lair:6   | Mangled by a six-headed hydra

Levels and vault maps discovered:
D:1:      co_arrival_square_in_a_square_in_a_square, layout_rooms, minivault_5,
          minmay_tetromino_s2
D:2:      layout_basic, chequers_temple_overflow_minitemple, first_ration
D:3:      layout_loops_corners, dancing_weapons_uskayaw,
          kennysheep_pointless_box, serial_bayou_lake_a
D:4:      layout_basic, overflow_temple_1_default, yredelemnul_altar_generic
D:5:      lemuel_insect_pit, layout_layer_cave, kennysheep_mini_moat,
          grunt_temple_overflow_open, temple_doors_e
D:6:      layout_basic, elyvilon_altar_4, uniq_menkaure, uniq_duvessa
D:7:      layout_cave_pools
D:8:      kennysheep_orc_sif_temple, layout_loops_ring, serial_co_window_serial,
          co_window_corner_a, co_window_corner_a, co_window_paths_a,
          co_window_paths_b, co_window_paths_a, co_window_corner_b,
          co_window_broadway_b, co_window_of_opportunity_b, co_window_corner_b,
          co_window_broadway_a, glass_columns_a, glass_columns_b,
          glass_columns_b, glass_columns_b, glass_columns_a, the_bakery,
          lemuel_flamethrower_2
D:9:      minmay_the_grid_square_5x5_4x4 [minmay_the_grid_square_5x5_shrine2,
          minmay_the_grid_square_5x5_misaligned,
          minmay_the_grid_square_5x5_seven, minmay_the_grid_square_5x5_corner,
          minmay_the_grid_square_5x5_minimal,
          minmay_the_grid_square_5x5_prize_waves,
          minmay_the_grid_square_5x5_prize_open,
          minmay_the_grid_square_5x5_three_small,
          minmay_the_grid_square_5x5_mess,
          minmay_the_grid_square_5x5_prize_itemx,
          minmay_the_grid_square_5x5_prize_monsterx,
          minmay_the_grid_square_5x5_comb, minmay_the_grid_square_5x5_fat_x,
          minmay_the_grid_square_5x5_lines,
          minmay_the_grid_square_5x5_doubleslash,
          minmay_the_grid_square_5x5_two_small], layout_long_grid,
          old_standard_altar, serial_shops, shop, uniq_prince_ribbit1
D:10:     layout_roguey, orc_0_dummy
D:11:     layout_stronghold, lair_entry_dummy, nicolae_trove_entry_crossroad,
          serial_shops, nicolae_shop_behind_doors, nicolae_shop_window_shopping,
          jmf_multi_god_temple
D:12:     minmay_tile_spiral, layout_basic
D:13:     layout_basic, ximxim_vaults_locker_room, uniq_nessos
Temple:   minmay_temple_bridge_abc
Lair:1:   beast_lair_carwin_large_1, layout_chaotic_city, uniq_erica
Lair:2:   layout_regular_city, hellmonk_ghost_happy_afterlife,
          gauntlet_entry_generic, uniq_sonja, uniq_harold
Lair:3:   layout_misc_corridors, shoals_dummy_entry,
          ebering_ghost_reflecting_pool, chequers_serial_rivers_micro_b,
          minmay_shattered_shrine
Lair:4:   layout_misc_corridors, minmay_snake_entry_guardpost_small,
          minivault_25, uniq_kirke
Lair:5:   layout_cave_pods, slime_dummy, nicolae_volcano_entry_vermiform,
          lemuel_oklob_altar, grunt_megastairs_3, uniq_josephine
Lair:6:   gammafunk_lair_ancient_temple, layout_hall_layers,
          nicolae_quartered_pool_medium

Skill      XL: |  1  2  3  4  5  6  7  8  9 10 11 12 13 14 |
---------------+-------------------------------------------+-----
Unarmed Combat | 1 2 3 4 5 7 10 11 12 13 15 | 15.6
Fighting       | 2 3 4 6 7 8 9 10 | 10.1
Throwing       | 4 5 6 7 8 9 10 11 | 11.2
Shields        | 1 2 3 4 6 7 8 9 |  9.8
Dodging        | |  1.5
Stealth        | |  0.3

Action                   |  1- 3 |  4- 6 |  7- 9 | 10-12 | 13-15 || total
-------------------------+-------+-------+-------+-------+-------++-------
Melee: Unarmed           |    73 |   216 |   274 |   593 |   451 ||  1607
Throw: Large rock        |     3 |    16 |    10 |    35 |    48 ||   112
       Throwing net      |       |     2 |     1 |       |       ||     3
       Boomerang         |       |       |       |    18 |     1 ||    19
Evoke: Wand              |       |       |       |       |     6 ||     6
  Use: Potion            |       |     2 |     1 |       |     3 ||     6
       Scroll            |       |       |    15 |     5 |    13 ||    33
 Stab: Sleeping          |       |     2 |     1 |     3 |     2 ||     8
       Distracted        |       |     1 |       |       |       ||     1
  Eat: Chunk             |     7 |    27 |    29 |    55 |    52 ||   170
Armor: Robe              |    35 |    86 |    87 |   118 |    85 ||   411
Dodge: Dodged            |    24 |    42 |    55 |    93 |   102 ||   316
Block: Large shield      |    42 |   147 |   251 |   467 |   404 ||  1311

Table legend:
 A = Non-vault XP
 B = Vault XP
 C = Vault XP percentage of total XP
 D = Non-vault monster count
 E = Vault monster count
 F = Vault count percentage of total count
                 A         B        C        D         E       F
            +---------+---------+-------+---------+---------+-------
      Total |   42203 |   34656 |  45.1 |     357 |     111 |  23.7
            +---------+---------+-------+---------+---------+-------
        D:1 |      28 |       1 |   3.4 |      16 |       1 |   5.9
        D:2 |     133 |       0 |   0.0 |      16 |       0 |   0.0
        D:3 |     227 |       0 |   0.0 |      31 |       0 |   0.0
        D:4 |     457 |       0 |   0.0 |      18 |       0 |   0.0
        D:5 |     427 |       0 |   0.0 |      12 |       0 |   0.0
        D:6 |    2168 |     395 |  15.4 |      37 |       3 |   7.5
        D:7 |    1271 |       0 |   0.0 |      29 |       0 |   0.0
        D:8 |    1332 |     551 |  29.3 |      25 |       7 |  21.9
        D:9 |     764 |    6136 |  88.9 |      13 |      35 |  72.9
       D:10 |    5168 |       0 |   0.0 |      34 |       0 |   0.0
       D:11 |    4086 |    3211 |  44.0 |      37 |       4 |   9.8
       D:12 |     425 |       0 |   0.0 |       2 |       0 |   0.0
       D:13 |    3256 |    6847 |  67.8 |       7 |      13 |  65.0
     Lair:1 |    1870 |    2322 |  55.4 |      10 |       9 |  47.4
     Lair:2 |    5920 |    1805 |  23.4 |      21 |       2 |   8.7
     Lair:3 |    3605 |    5401 |  60.0 |      15 |      14 |  48.3
     Lair:4 |    2585 |    3087 |  54.4 |       8 |       7 |  46.7
     Lair:5 |    2423 |    2991 |  55.2 |       8 |       7 |  46.7
     Lair:6 |    6058 |    1909 |  24.0 |      18 |       9 |  33.3
            +---------+---------+-------+---------+---------+-------
